AoeStats
← Stokes

Arabia

509976627Analyzed
1v1 RM · 4d ago on Sep 28, 2026· 54m 24s· 2 players
Game mode
Random Map
Map size
Tiny (2 player)
Population
200
Speed
Normal
Resources
Standard
Victory
Conquest
Starting age
Dark Age
Ending age
Imperial Age
RankedLock teamsTeams togetherTeam positionsShared explorationLock speedFull tech treeHidden civsTurbo modeCheats
Victory
Defeat
🇺🇸 Franks · United States
1106
+17
🇪🇪 Huns · Estonia
1127
-17
Stokes
6:50 Loom
9:43 Feudal Age
11:12 Double-Bit Axe
17:24 Town Watch
21:49 Castle Age
25:04 Husbandry
25:52 Scale Barding Armor
25:57 Forging
28:14 Chain Barding Armor
38:06 Wheelbarrow
39:16 Hand Cart
43:17 Imperial Age
43:03 Iron Casting
43:22 Town Patrol
43:31 Cavalier
45:14 Paladin
47:55 Blast Furnace
47:34 Plate Barding Armor
50:23 Blast Furnace
49:15 Fletching
49:25 Padded Archer Armor
Bebull
9:12 Feudal Age
7:29 Loom
9:01 Loom
9:19 Man-at-Arms
11:19 Loom
16:10 Double-Bit Axe
16:18 Arson
22:06 Castle Age
20:12 Scale Barding Armor
20:58 Town Watch
21:27 Bloodlines
23:25 Scale Mail Armor
22:54 Light Cavalry
23:47 Forging
25:37 Pikeman
26:57 Chain Barding Armor
27:55 Husbandry
30:54 Iron Casting
33:26 Chain Mail Armor
36:52 Wheelbarrow
38:11 Squires
43:10 Imperial Age
41:55 Fletching
42:14 Marauders
44:33 Hand Cart
45:19 Halberdier
52:13 Hussar
53:31 Plate Barding Armor
Connection lost

Rejoining the realm…

Still unreachable

The connection could not be restored.

Session expired

The server has moved on; the page needs a fresh start.